 Dungeon Crawl Stone Soup version 0.28-a0-563-gf77a47075d (webtiles) character file.

Game seed: 17966050200465113793

2120 iamoutofideas the Cleaver (level 9, -6/81 HPs)
             Began as a Hill Orc Monk on Oct 1, 2021.
             Was an Initiate of Gozag.
             Killed from afar by an acid dragon (26 damage)
             ... with a splash of acid
             ... on level 5 of the Dungeon.
             The game lasted 00:10:26 (10480 turns).

iamoutofideas the Cleaver (Hill Orc Monk)          Turns: 10480, Time: 00:10:27

Health: -6/81      AC:  3    Str: 17    XL:     9   Next: 29%
Magic:  9/9        EV: 12    Int: 10    God:    Gozag
Gold:   544        SH:  0    Dex: 13    Spells: 8/8 levels left

rFire   . . .      SeeInvis .   a - +1 hand axe
rCold   . . .      Faith    .   (no shield)
rNeg    . . .      Spirit   .   g - +1 leather armour
rPois   .          Reflect  .   (no helmet)
rElec   .          Harm     .   (no cloak)
rCorr   .          Rampage  .   (no gloves)
Will    .....                   i - +2 pair of boots
Stlth   ++........              (no amulet)
HPRegen 0.23/turn               (no ring)
MPRegen 0.11/turn               (no ring)

@: corroded, very slightly contaminated, invisible
A: no striking features
a: Renounce Religion, Potion Petition, Call Merchant, Bribe Branch


You were on level 5 of the Dungeon.
You worshipped Gozag.
Gozag was pleased with you.
You visited 2 branches of the dungeon, and saw 8 of its levels.

You collected 544 gold pieces.

Inventory:

Hand Weapons
 a - a +1 hand axe (weapon)
Armour
 g - a +1 leather armour (worn)
 i - a +2 pair of boots (worn)
 s - the +0 scale mail "Neocoekuen" {+Inv rElec rN+ Int+5}
   (You found it on level 4 of the Dungeon)

   Int:       It affects your intelligence (+5).
   rElec:     It insulates you from electricity.
   rN:        It protects you from negative energy.
   +Inv:      It lets you turn invisible.
Jewellery
 d - a ring of wizardry
 e - a +6 ring of intelligence
Wands
 c - a wand of mindburst (13)
 j - a wand of flame (17)
 p - a wand of acid (6)
 q - a wand of charming (14)
 t - a wand of iceblast (17)
 u - a wand of polymorph (9)
Scrolls
 l - 2 scrolls of amnesia
 v - a scroll of identify
 w - a scroll of enchant weapon
Potions
 f - 2 potions of lignification
 h - 2 potions of attraction
 m - a potion of cancellation
 n - a potion of brilliance {unknown}
 o - 2 potions of curing


   Skills:
 + Level 7.9 Fighting
 + Level 12.4 Axes
 + Level 5.1 Armour
 - Level 2.5 Dodging
 - Level 1.8 Stealth
 + Level 0.7 Evocations


You had 8 spell levels left.
You didn't know any spells.
Your spell library contained the following spells:

 Spells                   Type           Power      Damage    Failure   Level
 Beastly Appendage        Tmut           0%         N/A       41%         1
 Summon Small Mammal      Summ           0%         N/A       41%         1
 Passwall                 Tmut/Erth      0%         N/A       56%         2
 Wereblood                Tmut           0%         N/A       56%         2
 Call Canine Familiar     Summ           0%         N/A       80%         3
 Spider Form              Tmut/Pois      0%         N/A       80%         3
 Summon Guardian Golem    Hex/Summ       0%         N/A       80%         3
 Swiftness                Air            0%         N/A       80%         3
 Invisibility             Hex            0%         N/A       100%        6


Dungeon Overview and Level Annotations

Branches:
Dungeon (7/15)             Temple (1/1) D:4

Altars:
Ashenzari
Cheibriados
Dithmenos
Elyvilon
Fedhas
Gozag
Hepliaklqana
Kikubaaqudgha
Makhleb
Nemelex Xobeh
Okawaru
Sif Muna
Trog
Uskayaw
Vehumet
Xom
The Shining One

Shops:
D:3 =

Annotations:
D:4 exclusion: downstairs
D:6 exclusion: upstairs


Message History

The worm is heavily wounded.
The worm bites you!
You slash the worm!
The worm is almost dead.
You hit the worm.
You kill the worm!
You now have 539 gold pieces (gained 21).
h - 2 potions of attraction (gained 1);
w - a scroll of enchant weapon
Things that are here:
a +0 dagger; a +0 robe You close the door.
You now have 544 gold pieces (gained 5).
t - a wand of iceblast (17) (gained 7 charges)
Things that are here:
a +0 club; a +0 leather armour
Found a radiant altar of Vehumet.
You close the door.
As you close the door, it creaks loudly!
The acid dragon roars!
The acid dragon spits acid at you. The splash of acid hits you!
* * * LOW HITPOINT WARNING * * *
The acid corrodes you!
As you read the scroll labelled JALAUD JIFUIS, it crumbles to dust.
It is a scroll of enchant armour.
Your +0 leather armour glows green for a moment.
The acid dragon bites you.
* * * LOW HITPOINT WARNING * * *
The acid dragon claws you.
* * * LOW HITPOINT WARNING * * *
You feel much better. The acid dragon bites you!
* * * LOW HITPOINT WARNING * * *
The acid dragon claws you but does no damage.
You fade into invisibility!
The acid dragon barely misses you. x2
You are very lightly contaminated with residual magic.
The acid dragon spits acid at you. The splash of acid hits you!!
You die...
Your body crumbles into a pile of gold.

..#..#'###' ..
'.. .#..#... . .
###
'..'.._..'..' #
#.. .. .# !#
###.#..
'###'#..#
#...#..#. .!.#..
#.+##+##+##'##'.
#...D)#.Z...#
#..@..#.....#
#####+##$##+###
..............#
#######..>...##
#.#........
#...##.####
##### #.# #..
###


You could see an acid dragon (catching breath).

Vanquished Creatures
  A boulder beetle (D:6)
  A vampire (D:6)
  2 water moccasins
  An ice beast (D:5)
  2 sky beasts
  2 ogres (D:5)
  Blork the orc (D:5)
  2 scorpions
  A howler monkey (D:5)
  2 bullfrog zombies
  2 hounds
  A jelly (D:7)
  Jessica (D:3)
  3 orc wizards
  2 iguanas
  Ijyb (D:5)
  2 howler monkey zombies
  2 howler monkey skeletons (D:6)
  6 adders
  2 gnolls
  A white imp (D:6)
  3 worms
  13 orcs
  4 ball pythons
  5 bats
  7 endoplasms
  3 giant cockroaches
  4 goblins
  3 hobgoblins (D:2)
  7 jackals
  A quokka (D:2)
  3 frilled lizards
  5 kobolds
  4 rats (D:2)
100 creatures vanquished.

Vanquished Creatures (others)
  9 plants
9 creatures vanquished.

Grand Total: 109 creatures vanquished

Notes
Turn   | Place    | Note
-------+----------+-------------------------------------------
     0 | D:1      | iamoutofideas the Hill Orc Monk began the quest for the
                  | Orb.
     0 | D:1      | Reached XP level 1. HP: 19/19 MP: 1/1
   374 | D:1      | Reached XP level 2. HP: 17/27 MP: 2/2
  1381 | D:2      | Reached XP level 3. HP: 33/33 MP: 3/3
  1562 | D:2      | Reached skill level 5 in Axes
  1748 | D:2      | Found a shimmering altar of Xom.
  2295 | D:2      | Reached XP level 4. HP: 32/41 MP: 4/4
  2368 | D:2      | Found a faded altar of an unknown god.
  2875 | D:3      | Noticed Jessica
  2905 | D:3      | Killed Jessica
  3170 | D:3      | Found a shimmering blue altar of Sif Muna.
  3244 | D:3      | Found Donokh's Jewellery Boutique.
  3387 | D:3      | Found a white marble altar of Elyvilon.
  3606 | D:3      | Found an iron altar of Okawaru.
  3874 | D:3      | Reached skill level 6 in Axes
  4355 | D:4      | Reached XP level 5. HP: 23/47 MP: 5/5
  4670 | D:4      | Identified the +0 scale mail "Neocoekuen" {+Inv rElec rN+
                  | Int+5}
  4780 | D:4      | Found a staircase to the Ecumenical Temple.
  4823 | D:4      | Reached skill level 5 in Fighting
  5038 | Temple   | Entered the Ecumenical Temple
  5256 | Temple   | Became a worshipper of Gozag Ym Sagoz the Greedy
  5587 | D:4      | Reached skill level 7 in Axes
  5587 | D:4      | Reached skill level 1 in Armour
  5587 | D:4      | Reached XP level 6. HP: 52/56 MP: 6/6
  6405 | D:4      | Noticed a water moccasin
  6417 | D:4      | Killed a water moccasin
  6666 | D:4      | Found a burning altar of Makhleb.
  6666 | D:4      | Noticed an Executioner
  6669 | D:4      | Noticed an orange demon
  6669 | D:4      | Noticed an orange demon
  6688 | D:5      | Entered Level 5 of the Dungeon
  6724 | D:5      | Reached skill level 8 in Axes
  6724 | D:5      | Reached XP level 7. HP: 59/61 MP: 7/7
  7227 | D:5      | Noticed Blork the orc
  7236 | D:5      | Killed Blork the orc
  7339 | D:5      | Reached skill level 9 in Axes
  7367 | D:5      | Found a shadowy altar of Dithmenos.
  7584 | D:5      | Found a hazy altar of Hepliaklqana.
  7672 | D:5      | Reached XP level 8. HP: 32/70 MP: 8/8
  7897 | D:5      | Noticed Ijyb
  8543 | D:6      | Reached skill level 10 in Axes
  9214 | D:6      | Noticed a boulder beetle
  9243 | D:6      | Killed a boulder beetle
  9244 | D:6      | Reached skill level 11 in Axes
  9244 | D:6      | Reached XP level 9. HP: 22/79 MP: 9/9
  9561 | D:6      | Reached skill level 12 in Axes
  9561 | D:6      | Reached skill level 5 in Armour
 10441 | D:5      | Killed Ijyb
 10470 | D:5      | Found a radiant altar of Vehumet.
 10480 | D:5      | Killed from afar by an acid dragon

Illustrated notes

Levels and vault maps discovered:
D:1:      kilobyte_arrival_exit_the_forest, layout_rooms, minmay_hexomino_u4
D:2:      minmay_skewed_foursquare, layout_loops_corners, basic_altar,
          hellmonk_ecumenical_altar_leap_of_faith
D:3:      layout_basic, tgw_sif, elyvilon_altar_3, okawaru_trees_2,
          serial_shops, shop
D:4:      layout_layer_cave, makhleb_altar_promises_db,
          minmay_temple_entry_sparse_star, serial_bayou_pond_e,
          serial_bayou_ford_a, kennysheep_generic_room_10
D:5:      layout_loops_corners, marbit_many_paths, mainiacjoe_overflow_24_doors,
          nicolae_hepliaklqana_hazy_memory, minmay_bent, uniq_blork_the_orc,
          uniq_ijyb
D:6:      layout_layer_cave, kennysheep_generic_room_3
D:7:      layout_basic, nicolae_overflow_hidden_temple
Temple:   chequers_temple_sunken

Skill      XL: |  1  2  3  4  5  6  7  8  9 |
---------------+----------------------------+-----
Fighting       | 4 5 6 7 |  7.9
Axes           | 5 6 7 8 9 11 12 | 12.4
Armour         | 1 2 3 4 5 |  5.1
Dodging        | |  2.5
Stealth        | |  1.8
Evocations     | |  0.7

Action                   |  1- 3 |  4- 6 |  7- 9 || total
-------------------------+-------+-------+-------++-------
Melee: Hand axe          |   130 |   209 |   260 ||   599
Evoke: Wand              |       |       |     5 ||     5
  Use: Scroll            |       |     6 |     5 ||    11
       Potion            |       |     4 |     5 ||     9
 Stab: Sleeping          |       |     2 |     3 ||     5
       Invisible         |       |       |     3 ||     3
Armor: Robe              |    37 |    20 |       ||    57
       Leather armour    |     2 |    50 |    62 ||   114
       Skin              |       |     7 |     6 ||    13
Dodge: Dodged            |    98 |   131 |    93 ||   322

Table legend: (Time is in decaauts)
 A = Elapsed time spent in this place.
 B = Non-inter-level travel time spent in this place.
 C = Inter-level travel time spent in this place.
 D = Time resting spent in this place.
 E = Time spent auto-exploring this place.
 F = Levels seen in this place.
 G = Mean time per level.
                   A        B        C        D        E       F      G
               +--------+--------+--------+--------+--------+-----+--------+
         Total |  10516 |  10202 |    314 |   3308 |   5433 |   8 | 1314.5 |
       Dungeon |  10221 |   9962 |    259 |   3279 |   5229 |   7 | 1460.1 |
        Temple |    294 |    240 |     54 |     29 |    204 |   1 |  294.0 |
               +--------+--------+--------+--------+--------+-----+--------+

Top non-repeatable levels by time:
     D:6: 2444 daAuts
     D:4: 2250 daAuts
     D:2: 1530 daAuts
     D:3: 1387 daAuts
     D:1: 1342 daAuts
     D:5: 1250 daAuts
  Temple: 294 daAuts
     D:7: 16 daAuts
